 Dungeon Crawl Stone Soup version 0.29.1-15-g9cfb28693d (webtiles) character file.

Game seed: 4687114956241735968

2 vishdafish the Conjurer (level 1, -2/13 HPs)
             Began as a Demonspawn Conjurer on Mar 29, 2023.
             Slain by a hound (5 damage)
             ... on level 2 of the Dungeon.
             The game lasted 00:00:57 (248 turns).

vishdafish the Conjurer (Demonspawn Conjurer)        Turns: 248, Time: 00:00:58

Health: -2/13      AC:  2    Str:  7    XL:     1   Next: 25%
Magic:  0/3        EV: 12    Int: 19    God:
Gold:   10         SH:  0    Dex: 11    Spells: 3/4 levels left

rFire   . . .      SeeInvis .   d - +0 dagger
rCold   . . .      Faith    .   (no shield)
rNeg    . . .      Spirit   .   a - +0 robe
rPois   .          Reflect  .   (no helmet)
rElec   .          Harm     .   (no cloak)
rCorr   .          Rampage  .   (no gloves)
Will    .....                   (no boots)
Stlth   ++........              (no amulet)
HPRegen 0.04/turn               (no ring)
MPRegen 0.08/turn               (no ring)

@: no status effects
A: no striking features
a: no special abilities


You were on level 2 of the Dungeon.
You visited 1 branch of the dungeon, and saw 2 of its levels.

You collected 10 gold pieces.

Inventory:

Hand Weapons
 d - a +0 dagger (weapon)
Armour
 a - a +0 robe (worn)
Potions
 c - a potion of heal wounds {unknown}


   Skills:
 + Level 1.8 Dodging
 + Level 1.8 Stealth
 + Level 2.0 Spellcasting
 + Level 4.0 Conjurations


You had 3 spell levels left.
You knew the following spells:

 Your Spells              Type           Power      Damage    Failure   Level
a - Magic Dart            Conj           68%        1d6       3%          1

Your spell library contained the following spells:

 Spells                   Type           Power      Damage    Failure   Level
 Searing Ray              Conj           34%        2d5       4%          2
 Dazzling Flash           Conj/Hex       18%        N/A       22%         3
 Fulminant Prism          Conj/Hex       4%         3d6       58%         4
 Iskenderun's Mystic Bla  Conj/Tloc      9%         2d4       58%         4


Dungeon Overview and Level Annotations

Branches:
Dungeon (2/15)

Altars:


Message History

The hound barks!
The hound barely misses you.
Aiming: Magic Dart (safe; 3% risk of failure)
Press: ? - help, Q - select action Shift-Dir - straight line, f/p - hound
Aim: a hound (100% to hit)
The magic dart hits the hound.
The hound is lightly wounded.
The hound bites you but does no damage. The hound closely misses you.
Aiming: Magic Dart (safe; 3% risk of failure)
Press: ? - help, Q - select action Shift-Dir - straight line, f/p - hound
Aim: a hound (lightly wounded, 100% to hit)
The magic dart hits the hound.
The hound is moderately wounded.
The hound closely misses you. Magic courses through your body.
The hound misses you. The hound bites you.
Aiming: Magic Dart (safe; 3% risk of failure)
Press: ? - help, Q - select action Shift-Dir - straight line, f/p - hound
Aim: a hound (moderately wounded, 100% to hit)
The magic dart hits the hound but does no damage.
The hound is moderately wounded.
The hound bites you.
Aiming: Magic Dart (safe; 3% risk of failure)
Press: ? - help, Q - select action Shift-Dir - straight line, f/p - hound
Aim: a hound (moderately wounded, 100% to hit)
The magic dart hits the hound.
The hound is severely wounded.
The hound bites you. The hound bites you but does no damage.
Aiming: Magic Dart (safe; 3% risk of failure)
Press: ? - help, Q - select action Shift-Dir - straight line, f/p - hound
Aim: a hound (severely wounded, 100% to hit)
The magic dart hits the hound.
The hound is almost dead.
The hound bites you.
* * * LOW HITPOINT WARNING * * *
d - a +0 dagger (weapon)
The hound misses you.
You hit the hound.
The hound is almost dead.
The hound bites you.
You die...

############.##.#
#...............##
#.##########......
#.# ####### #.#
#.# #.# #.# #@#
......h.#
##.######


You could see a hound.

Vanquished Creatures
  A jackal (D:2)
  A kobold (D:2)
2 creatures vanquished.

Notes
Turn   | Place    | Note
-------+----------+-------------------------------------------
     0 | D:1      | vishdafish the Demonspawn Conjurer began the quest for the
                  | Orb.
     0 | D:1      | Reached XP level 1. HP: 13/13 MP: 3/3
   239 | D:2      | Noticed a hound
   248 | D:2      | Slain by a hound

Illustrated notes

Levels and vault maps discovered:
D:1:      minmay_arrival_jagged, layout_loops_cross,
          hellmonk_ecumenical_altar_arch_garden
D:2:      layout_loops_ring, serial_rivers, chequers_serial_rivers_small_a,
          chequers_serial_rivers_small_a, chequers_serial_rivers_large_b,
          chequers_serial_rivers_marsh

Action                   || total
-------------------------++-------
Melee: Dagger            ||     1
 Cast: Magic Dart        ||    15
  Use: Potion            ||     1
Armor: Robe              ||     2
Dodge: Dodged            ||    10
